AoeStats
← ketil_ars

Arabian Desert

510611870Analyzed
1v1 RM · 2d ago on Oct 1, 2026· 45m 54s· 2 players
Game mode
Random Map
Map size
Tiny (2 player)
Population
200
Speed
Normal
Resources
Standard
Victory
Conquest
Starting age
Dark Age
Ending age
Imperial Age
RankedLock teamsTeams togetherTeam positionsShared explorationLock speedFull tech treeHidden civsTurbo modeCheats
Victory
Defeat
🇬🇪 Inca · Georgia
750
+17
🇺🇸 Armenians · United States
771
-17
ketil_ars
5:21 Loom
11:29 Feudal Age
12:26 Double-Bit Axe
12:26 Horse Collar
13:30 Champi Runner
16:54 Fletching
17:05 Padded Archer Armor
22:46 Castle Age
20:57 Gold Mining
21:01 Stone Mining
23:05 Crossbowman
23:51 Thumb Ring
25:12 Bodkin Arrow
25:33 Leather Archer Armor
34:40 Andean Sling
38:20 Imperial Age
41:14 Bracer
41:44 Ring Archer Armor
Cosecant
3:29 Loom
11:26 Feudal Age
11:59 Man-at-Arms
12:33 Arson
13:11 Long Swordsman
13:37 Arson
13:17 Pikeman
19:17 Forging
19:08 Scale Mail Armor
22:32 Castle Age
22:56 Scale Barding Armor
26:22 Husbandry
26:49 Gambesons
32:01 Squires
39:38 Padded Archer Armor
Connection lost

Rejoining the realm…

Still unreachable

The connection could not be restored.

Session expired

The server has moved on; the page needs a fresh start.